 Dungeon Crawl Stone Soup version 0.31-a0-44-g49d609d0da (webtiles) character file.

Game seed: 16908423554514538440

156 Gargoyl the Trooper (level 5, -2/33 HPs)
             Began as a Gargoyle Berserker on May 20, 2023.
             Was a Believer of Trog.
             Slain by Sigmund
             ... wielding a +0 scythe
              (7 damage)
             ... on level 3 of the Dungeon.
             The game lasted 00:03:33 (1471 turns).

Gargoyl the Trooper (Gargoyle Berserker)            Turns: 1471, Time: 00:03:34

Health: -2/33      AC:  9    Str: 17 (20) XL:     5   Next: 38%
Magic:  4/4        EV:  7    Int: 10 (11) God:    Trog [**....]
Gold:   971        SH:  9    Dex: 10      Spells: 4/4 levels left

rFire   . . .        a - +0 hand axe
rCold   . . .        l - +0 tower shield
rNeg    + . .        k - +0 ring mail
rPois   ∞            (helmet restricted)
rElec   +            (no cloak)
rCorr   .            (no gloves)
SInv    .            (no boots)
Will    .....        (no amulet) Stlth
                     (no ring)
HPRegen 0.25/turn    (no ring)
MPRegen 0.09/turn

%: no passive effects
@: no status effects
A: sickness immunity, AC +4, negative energy resistance 1, electricity
resistance, torment resistance 1, petrification resistance, horns 1, clever 1,
deterioration 1, low MP 1
a: Renounce Religion, Berserk, Trog's Hand


You were on level 3 of the Dungeon.
You worshipped Trog.
Trog was pleased with you.
You visited 1 branch of the dungeon, and saw 3 of its levels.

You collected 971 gold pieces.

Inventory:

Hand Weapons
 a - a +0 hand axe (weapon)
 b - a +0 trident
 g - a +1 mace of protection
Armour
 k - a +0 ring mail (worn)
 l - a +0 tower shield (worn)
 m - a +0 helmet
Scrolls
 d - 2 scrolls of identify
 i - 2 scrolls of fog
 p - a scroll of teleportation {unknown}
Potions
 e - a potion of heal wounds {unknown}
 f - 2 potions of haste
 h - a potion of degeneration {unknown}
 j - a potion of brilliance {unknown}
 o - a potion of resistance {unknown}


   Skills:
 + Level 4.2 Fighting
 + Level 4.2 Axes
 + Level 2.9 Armour
 + Level 2.2 Dodging
 + Level 0.1 Stealth


You had 4 spell levels left.
You didn't know any spells.
Your spell library was empty.

Dungeon Overview and Level Annotations

Branches:
Dungeon (3/15)

Altars:
Kikubaaqudgha

Annotations:
D:3 Sigmund


Innate Abilities, Weirdness & Mutations

You are immune to sickness and miasma.
Your stone body is resilient. (AC +4)
You are immune to poison.
You resist negative energy. (rN+)
You are resistant to electric shocks. (rElec)
You are resistant to unholy torment.
You are immune to petrification.
You have a pair of small horns on your head.
Your mind is acute. (Int +4, Str/Dex -1)
Your body sometimes deteriorates upon taking damage.
Your magical capacity is low. (-10% MP)


Message History

You feel yourself speed up.
You hear some strange, mumbled words.
You are more confused.
You see here a +0 club.
Something hits you but does no damage.
You bump into the rock wall.
Something hits you but does no damage. Something hits you.
You feel less confused.
You miss something. Something hits you but does no damage.
You hit something but do no damage.
You recover from your berserk rage.
You hear some strange, mumbled words.
A puff of flame appears from out of thin air!
The puff of flame hits you! Something hits you.
Your skin crawls.
You feel strong-willed.
You fail to use your ability.
Something hits you.
* * * LOW HITPOINT WARNING * * *
You hit something.
You hear some strange, mumbled words.
Something tries to affect you, but you resist.
You miss something. Your headbutt misses something. Something hits you.
* * * LOW HITPOINT WARNING * * *
You miss something. Your headbutt misses something.
You feel the effects of Trog's Hand fading.
Something hits you but does no damage.
You hit something but do no damage. Something hits you!
* * * LOW HITPOINT WARNING * * *
Unknown command.
You miss something. You block something's attack.
You barely miss something. Your headbutt misses something.
Your skin stops crawling.
You feel less strong-willed. Something hits you but does no damage.
You closely miss something. Something hits you.
* * * LOW HITPOINT WARNING * * *
You hit something. You headbutt something.
Something hits you but does no damage.
You miss something. Something hits you!
You die...

*,........# * *.........# **** *
*.........# *..# ###### ***
*.........# #..# #..... ,,***
*.........# #..# #...>. *,,,*
*.>.......# #..* #.....
,**,*****...)....)## #.#* #.#.##
,**,,,,,,..).......###.#####.#.##
,********......$@{......>#.......
,* *#.......#.......#.#..#.# ,*
##.............†.......# .#*
#######.........##..### ..*
*#........##...# ..#####*
*#.^.......#...## #......##*
#..##..)........### #...##...##
#.###......>..#..## *#..#**#..#
##.##[.........##.##


There were no monsters in sight!

Vanquished Creatures
  An iguana (D:3)
  Robin (D:3)
  3 adders
  3 dart slugs
  7 orcs (D:3)
  4 bats
  An endoplasm (D:3)
  4 giant cockroaches
  11 goblins
  11 hobgoblins
  8 jackals (D:3)
  3 quokkas
  3 ball pythons
  A frilled lizard (D:1)
  5 kobolds
  6 rats
72 creatures vanquished.

Vanquished Creatures (others)
  A goblin (D:3)
1 creature vanquished.

Grand Total: 73 creatures vanquished

Notes
Turn   | Place    | Note
-------+----------+-------------------------------------------
     0 | D:1      | Gargoyl the Gargoyle Berserker began the quest for the Orb.
     0 | D:1      | Reached XP level 1. HP: 14/14 MP: 1/1
   129 | D:1      | Gained mutation: Your body sometimes deteriorates upon
                  | taking damage. [potion of mutation]
   129 | D:1      | Gained mutation: Your mind is acute. (Int +4, Str/Dex -1)
                  | [potion of mutation]
   129 | D:1      | Gained mutation: Your magical capacity is low. (-10% MP)
                  | [potion of mutation]
   129 | D:1      | Gained mutation: You have a pair of small horns on your
                  | head. [potion of mutation]
   192 | D:1      | Reached XP level 2. HP: 15/19 MP: 1/1
   414 | D:2      | Reached XP level 3. HP: 11/24 MP: 2/2
   518 | D:2      | Found an ancient bone altar of Kikubaaqudgha.
   815 | D:2      | Reached ** piety under Trog
   930 | D:2      | Reached XP level 4. HP: 26/29 MP: 3/3
  1152 | D:3      | Noticed Robin
  1166 | D:3      | Killed Robin
  1276 | D:3      | Reached XP level 5. HP: 33/33 MP: 4/4
  1379 | D:3      | Identified a scroll of acquirement
  1379 | D:3      | Acquired 810 gold pieces
  1423 | D:3      | Noticed Sigmund
  1441 | D:3      | HP: 1/33 [something (6)]
  1471 | D:3      | Slain by Sigmund

Illustrated notes

Levels and vault maps discovered:
D:1:      ldierk_walled_garden_2, layout_rooms
D:2:      layout_rooms, basic_altar, minmay_between
D:3:      layout_rooms, uniq_crazy_yiuf_cottage, uniq_sigmund, uniq_robin

Skill      XL: |  1  2  3  4 |
---------------+-------------+-----
Axes           | 3 4 |  4.2
Dodging        | 2 |  2.2
Fighting       | 4 |  4.2
Armour         | |  2.9
Stealth        | |  0.1

Action                     |  1- 3 |  4- 6 || total
---------------------------+-------+-------++-------
  Melee: Hand axe          |    76 |   114 ||   190
         Headbutt          |     8 |    15 ||    23
         Punch             |     1 |     1 ||     2
 Invoke: Berserk           |     2 |     3 ||     5
         Trog's Hand       |       |     2 ||     2
    Use: Scroll            |     7 |     2 ||     9
         Potion            |     1 |     1 ||     2
 Armour: Animal skin       |    18 |       ||    18
         Ring mail         |     9 |    73 ||    82
  Dodge: Dodged            |    82 |    64 ||   146
  Block: Tower shield      |       |     7 ||     7

Table legend: (Time is in decaauts)
 A = Elapsed time spent in this place.
 B = Non-inter-level travel time spent in this place.
 C = Inter-level travel time spent in this place.
 D = Time resting spent in this place.
 E = Time spent auto-exploring this place.
 F = Levels seen in this place.
 G = Mean time per level.
                   A        B        C        D        E       F      G
               +--------+--------+--------+--------+--------+-----+--------+
         Total |   1541 |   1523 |     18 |      0 |    941 |   3 |  513.7 |
       Dungeon |   1541 |   1523 |     18 |      0 |    941 |   3 |  513.7 |
               +--------+--------+--------+--------+--------+-----+--------+

Top non-repeatable levels by time:
     D:2: 598 daAuts
     D:3: 565 daAuts
     D:1: 378 daAuts
